 Dungeon Crawl Stone Soup version 0.18-b1-22-ge198996 (webtiles) character file.

99 Zhenya25pyc the Skirmisher (level 4, -11/29 HPs)
             Began as a Gargoyle Fighter on May 3, 2016.
             Was an Initiate of Okawaru.
             Killed by divine providence
             ... invoked by an orc priest
              (14 damage)
             ... on level 3 of the Dungeon.
             The game lasted 00:02:36 (1493 turns).

Zhenya25pyc the Skirmisher (Gargoyle Fighter)       Turns: 1493, Time: 00:02:36

Health: -11/29     AC: 14    Str: 21    XL:     4   Next: 72%
Magic:  4/4        EV:  7    Int:  8    God:    Okawaru [......]
Gold:   97         SH:  9    Dex:  9    Spells: 0 memorised, 3 levels left

rFire  . . .     SeeInvis +     a - +0 flail
rCold  . . .     Gourm    .     b - +0 scale mail
rNeg   + . .     Faith    .     c - +0 shield
rPois  ∞         Spirit   .     i - +0 helmet
rElec  +         Dismiss  .     m - +0 cloak (curse)
rCorr  .         Reflect  .     (no gloves)
SustAt .         Harm     .     g - +0 pair of boots
MR     .....                    (no amulet)
Stlth  ..........               (no ring)
                                n - ring of see invisible

@: not resistant to hostile enchantments, extremely unstealthy
A: negative energy resistance 1, electricity resistance, unbreathing,
petrification resistance, rot immunity, AC +3
a: Renounce Religion


You were on level 3 of the Dungeon.
You worshipped Okawaru.
Okawaru was noncommittal.
You were not hungry.

You visited 1 branch of the dungeon, and saw 3 of its levels.

You collected 97 gold pieces.

Inventory:

Hand Weapons
 a - a +0 flail (weapon)
Armour
 b - a +0 scale mail (worn)
 c - a +0 shield (worn)
 g - a +0 pair of boots (worn)
 i - a +0 helmet (worn)
 m - a cursed +0 cloak (worn)
Jewellery
 n - a ring of see invisible (left hand)
Scrolls
 e - 3 scrolls of remove curse {unknown}
 o - 3 scrolls of identify {unknown}
 r - 2 scrolls of teleportation {unknown}
 s - a scroll of enchant weapon {unknown}
 t - 2 scrolls of noise {unknown}
 x - a scroll of fog {unknown}
Potions
 d - 2 potions of might
 h - 2 potions of lignification {unknown}
 j - 2 potions of curing {unknown}
 k - a potion of brilliance {unknown}
 l - a potion of resistance {unknown}
 q - a potion of agility {unknown}
 u - a potion of flight {unknown}
Comestibles
 f - 4 bread rations
 p - a beef jerky
 v - a slice of pizza
 w - a meat ration


   Skills:
 + Level 4.1 Fighting
 * Level 3.1 Maces & Flails
 + Level 3.9 Armour
 + Level 3.9 Shields


You had 3 spell levels left.
You didn't know any spells.

Dungeon Overview and Level Annotations

Branches:
Dungeon (3/15)

Altars:
Okawaru


Innate Abilities, Weirdness & Mutations

You are resistant to torment.
Your stone body is resilient (AC +3).
You are immune to poison.
You resist negative energy.
You are resistant to electric shocks.
You can survive without breathing.
You are immune to petrification.
You are immune to rotting.


Message History

You closely miss the orc priest. You block the orc's attack. x2
The orc priest hits you but does no damage.
Your shield and scale mail prevent you from hitting the orc priest.
The orc hits you but does no damage. x2
The orc priest calls down the wrath of Beogh upon you.
Beogh smites you!
Ouch! That really hurt!
* * * LOW HITPOINT WARNING * * *
The orc hits you but does no damage. x2
You hit the orc priest but do no damage.
The orc priest hits you but does no damage.
The orc hits you but does no damage. You block the orc's attack.
The orc priest invokes the aid of Beogh against you.
Pain shoots through your body!
* * * LOW HITPOINT WARNING * * *
Your shield and scale mail prevent you from hitting the orc priest.
The orc closely misses you. You block the orc's attack.
The orc priest mumbles some strange prayers to Beogh against you.
Beogh smites you!
You die...

.#.# #.######.##.#
<#.# #.##...#.##.#
.#.######.##........#
...............#.####
.......##.###.##.#
.#####.##.# #.##.# .#
#.##.# #.##.## .#
#..#.###.#...## .#
#.........)@o.#
.#####.######.#.oo##
....)..# #.#..##
#...#### #.#.##
#...... #. ##.#####
#. #.# #. ... ..
##.##


You could see an orc priest and 2 orcs.

Vanquished Creatures
  An orc priest (D:3)
  An adder (D:2)
  A worm (D:3)
  2 dart slugs
  2 orcs (D:3)
  4 bats
  10 goblins
  4 hobgoblins
  10 jackals
  2 quokkas (D:2)
  A ball python (D:1)
  4 giant newts (D:2)
  3 kobolds
  4 rats
49 creatures vanquished.

Notes
Turn   | Place    | Note
--------------------------------------------------------------
     0 | D:1      | Zhenya25pyc the Gargoyle Fighter began the quest for the Orb.
     0 | D:1      | Reached XP level 1. HP: 14/14 MP: 1/1
    54 | D:1      | Reached XP level 2. HP: 15/19 MP: 2/2
   623 | D:1      | Reached XP level 3. HP: 23/23 MP: 3/3
   994 | D:2      | Reached XP level 4. HP: 27/29 MP: 4/4
  1107 | D:2      | Found an iron altar of Okawaru.
  1205 | D:2      | Became a worshipper of Warmaster Okawaru
  1484 | D:3      | Reached skill level 4 in Fighting
  1493 | D:3      | Killed from afar by an orc priest

Skill      XL: |  1  2  3  4 |
---------------+-------------+-----
Fighting       | 4 |  4.1
Maces & Flails | 3 |  3.1
Armour         | |  3.9
Shields        | |  3.9

Action                   |  1- 3 |  4- 6 || total
-------------------------+-------+-------++-------
Melee: Flail             |   143 |    31 ||   174
  Eat: Chunk             |     1 |     1 ||     2
Armor: Scale mail        |   105 |    21 ||   126
Dodge: Dodged            |    59 |    10 ||    69
Block: Shield            |    92 |    19 ||   111
